 Dungeon Crawl Stone Soup version 0.18.1-50-g88ac8fd (console) character file.

732 Homage the Jinx (level 7, -1/47 HPs)
             Began as a Vampire Enchanter on Feb 21, 2018.
             Killed by divine providence
             ... invoked by an orc priest
              (8 damage)
             ... on level 4 of the Dungeon.
             The game lasted 00:27:15 (5583 turns).

Homage the Jinx (Vampire Enchanter)                 Turns: 5583, Time: 00:27:15

Health: -1/47      AC:  5    Str:  7    XL:     7   Next: 45%
Magic:  3/10       EV: 12    Int: 19    God:
Gold:   265        SH:  0    Dex: 15    Spells: 2 memorised, 5 levels left

rFire  . . .     SeeInvis +     m - -1 short sword (curse)
rCold  . . .     Gourm    .     b - +2 robe
rNeg   + . .     Faith    .     (no shield)
rPois  .         Spirit   .     (no helmet)
rElec  .         Dismiss  .     k - +0 cloak
rCorr  .         Reflect  .     (no gloves)
SustAt .         Harm     .     (no boots)
MR     .....                    (no amulet)
Stlth  ++++......               (no ring)
                                (no ring)

@: not resistant to hostile enchantments, stealthy
A: fangs 3, see invisible, unbreathing
a: Bat Form


You were on level 4 of the Dungeon.
You were not thirsty.

You visited 1 branch of the dungeon, and saw 4 of its levels.

You collected 265 gold pieces.


Innate Abilities, Weirdness & Mutations

You have razor-sharp teeth.
You have supernaturally acute eyesight.
You can survive without breathing.


   Skills:
 - Level 0.3 Fighting
 + Level 5.7 Short Blades
 - Level 2.1 Dodging
 - Level 8.0 Stealth
 - Level 2.0 Spellcasting
 - Level 8.0 Hexes


You had 5 spell levels left.
You knew the following spells:

 Your Spells              Type           Power        Failure   Level  Hunger
a - Confuse               Hex            ####....     1%          3    ###....
e - Ensorcelled Hibernat  Hex/Ice        ###...       6%          2    ###....

Inventory:

Hand Weapons
 a - a +1 dagger
 m - a cursed -1 short sword (weapon)
Missiles
 f - 3 throwing nets (quivered)
Armour
 b - a +2 robe (worn)
 e - a +4 scale mail of magic resistance
 i - a +1 robe of cold resistance
 k - a +0 cloak (worn)
Wands
 g - a wand of flame (44/48)
Potions
 d - 9 potions of blood
 h - 2 potions of brilliance
 j - a potion of cure mutation {!q}
 l - 2 potions of agility {unknown}
Books
 c - a book of Maledictions

   Spells                             Type                      Level
   a - Corona                         Hexes                        1
   b - Ensorcelled Hibernation        Hexes/Ice                    2
   c - Confuse                        Hexes                        3
   d - Tukima's Dance                 Hexes                        3
   e - Dazzling Spray                 Conjuration/Hexes            3


Message History

The orc wizard hits you with a dagger.
You hit the orc.
You kill the orc!
The giant newt bites you.
The orc priest miscasts a cantrip.
The orc wizard gestures wildly while chanting.
The orc wizard seems to speed up.
The orc wizard gestures at you while chanting.
The magic dart hits you!
* * * LOW HITPOINT WARNING * * *
The orc priest invokes the aid of Beogh against you.
Pain shoots through your body!
* * * LOW HITPOINT WARNING * * *
The orc wizard gestures wildly while chanting.
The orc wizard blinks!
Things that are here:
a dagger; a leather armour; an orc corpse The orc priest invokes the aid of Beogh against you.
Beogh smites you!
You die...

...........## .#........##
........o...
......#.....#.##
..[.......l
...............#
.......o..#
#..............#
........o.#
#.......####...##
..........#
#......#.....##.#
.........#
#............####
#.....### ##............#
##......###@............#
##.o###.ool##.......##..#
#....####)#####...#.##...#
..##...# #ยค# ##.#####...#
## #..##.# #.# ##...#
#...# #.# ...# ###.# #.#
#.#. ### ###


You could see an orc priest, an orc wizard and a giant newt.

Vanquished Creatures
  Sigmund (D:4)
  The ghost of Wizdude the Conjurer, an amateur DECj (D:3)
  Purgy (D:2)
  An orc warrior (D:4)
  A hound (D:4)
  Jessica (D:3)
  Terence (D:2)
  An orc wizard (D:3)
  8 gnolls
  An adder (D:2)
  2 oozes
  2 dart slugs
  3 giant geckos
  11 orcs
  2 giant cockroaches
  9 hobgoblins
  3 jackals (D:2)
  A quokka (D:2)
  4 ball pythons
  10 bats
  4 giant newts (D:1)
  9 goblins
  7 kobolds
  6 rats
90 creatures vanquished.

Notes
Turn   | Place    | Note
--------------------------------------------------------------
     0 | D:1      | Homage the Vampire Enchanter began the quest for the Orb.
     0 | D:1      | Reached XP level 1. HP: 13/13 MP: 3/3
   194 | D:1      | Reached XP level 2. HP: 20/20 MP: 5/5
   205 | D:1      | Learned a level 2 spell: Ensorcelled Hibernation
   270 | D:1      | HP: 3/20 [goblin/club (6)]
   324 | D:1      | HP: 4/20 [goblin (1)]
   432 | D:1      | HP: 4/20 [giant gecko (2)]
   442 | D:1      | HP: 3/20 [giant gecko (1)]
  1026 | D:1      | Reached XP level 3. HP: 24/25 MP: 6/6
  1126 | D:1      | Learned a level 3 spell: Confuse
  1179 | D:2      | Found a sacrificial altar of Ru.
  1569 | D:2      | Noticed Terence
  1576 | D:2      | Killed Terence
  1576 | D:2      | Reached skill level 6 in Stealth
  2184 | D:2      | Reached XP level 4. HP: 28/31 MP: 7/7
  2780 | D:3      | Reached skill level 6 in Hexes
  2863 | D:3      | Reached XP level 5. HP: 17/36 MP: 1/8
  2894 | D:3      | HP: 6/36 [gnoll/spear (6)]
  3304 | D:3      | Noticed Purgy
  3357 | D:2      | Killed Purgy
  3629 | D:3      | Reached XP level 6. HP: 42/42 MP: 5/9
  3695 | D:3      | Found a glowing golden altar of the Shining One.
  3885 | D:3      | Noticed Jessica
  3959 | D:3      | Noticed Wizdude's ghost (amateur DECj)
  4005 | D:3      | Reached skill level 3 in Short Blades
  4763 | D:3      | Killed Jessica
  4793 | D:3      | Killed Wizdude's ghost
  5102 | D:4      | Noticed an orc warrior
  5359 | D:4      | Noticed Sigmund
  5373 | D:4      | Killed Sigmund
  5373 | D:4      | Reached XP level 7. HP: 47/47 MP: 6/10
  5582 | D:4      | HP: 6/47 [orc priest/nerve-wracking pain (5)]
  5583 | D:4      | Killed from afar by an orc priest

Vault maps used:
D:1:      evilmike_arrival_rings
D:2:      nicolae_ru_the_path_less_chosen, uniq_terence
D:3:      lemuel_coloured_pillars_altar, first_bread,
          kennysheep_decorative_pillar, uniq_jessica, uniq_purgy
D:4:      corexii_checkpoint_b, uniq_sigmund

Action                   |  1- 3 |  4- 6 |  7- 9 || total
-------------------------+-------+-------+-------++-------
Melee: Dagger            |   202 |   144 |       ||   346
       Bite              |     8 |    18 |     1 ||    27
       Short sword       |       |    73 |    21 ||    94
Throw: Throwing net      |     2 |     4 |       ||     6
 Cast: Confuse           |     2 |    25 |     3 ||    30
       Ensorcelled Hiber |       |     3 |     1 ||     4
  Use: Potion            |     3 |    11 |       ||    14
       Scroll            |     4 |     6 |       ||    10
 Stab: Sleeping          |     4 |    18 |     1 ||    23
       Held in net/web   |     2 |     2 |       ||     4
       Confused          |       |    11 |     3 ||    14
       Distracted        |       |     2 |       ||     2
  Eat: Corpse            |     6 |     8 |       ||    14
Armor: Robe              |    76 |    68 |     8 ||   152
Dodge: Dodged            |   145 |   143 |    11 ||   299
